 Dungeon Crawl Stone Soup version 0.30.0-17-ge0270778cf (webtiles) character file.

Game seed: 14160677319867900557

1066 Kenran the Carver (level 8, -1/58 HPs)
             Began as a Formicid Fighter on May 21, 2023.
             Was an Initiate of Wu Jian.
             Slain by a yak (13 damage)
             ... on level 5 of the Dungeon.
             The game lasted 00:06:34 (3780 turns).

Kenran the Carver (Formicid Fighter)                Turns: 3780, Time: 00:06:35

Health: -1/58      AC:  8    Str: 21    XL:     8   Next: 53%
Magic:  8/8        EV:  9    Int:  8    God:    Wu Jian [......]
Gold:   315        SH:  5    Dex: 15    Spells: 7/7 levels left

rFire   + . .        a - +0 long sword
rCold   + . .        c - +0 buckler
rNeg    . . .        b - +0 scale mail
rPois   .            (helmet unavailable)
rElec   .            (no cloak)
rCorr   .            (no gloves)
SInv    +            p - +0 pair of boots
Will    .....        (no amulet) Stlth
                     m - ring of protection from fire
HPRegen 0.29/turn    r - ring of protection from cold
MPRegen 0.11/turn

%: no passive effects
@: mighty
A: permanent stasis, dig shafts and tunnels, antennae 3, four strong arms
a: Dig, Shaft Self, Renounce Religion


You were on level 5 of the Dungeon.
You worshipped Wu Jian.
Wu Jian was noncommittal.
You visited 1 branch of the dungeon, and saw 5 of its levels.

You collected 315 gold pieces.

Inventory:

Hand Weapons
 a - a +0 long sword (weapon)
Armour
 b - a +0 scale mail (worn)
 c - a +0 buckler (worn)
 p - a +0 pair of boots (worn)
Jewellery
 m - a ring of protection from fire (left hand)
 o - an amulet of guardian spirit
 r - a ring of protection from cold (right hand)
Wands
 t - a wand of mindburst (16)
Scrolls
 e - 2 scrolls of poison {!r}
 g - 2 scrolls of enchant weapon
 h - 2 scrolls of magic mapping
 j - a scroll of enchant armour
 k - a scroll of vulnerability {unknown}
Potions
 f - a potion of mutation {unknown}
 i - a potion of curing {unknown}
 l - a potion of berserk rage {unknown}
 n - a potion of magic {unknown}
 q - 3 potions of heal wounds {@q2}
 s - a potion of lignification {unknown}
 u - 2 potions of ambrosia {unknown}


   Skills:
 - Level 3.2 Fighting
 + Level 9.7 Long Blades
 - Level 3.2 Armour
 - Level 4.0 Shields


You had 7 spell levels left.
You didn't know any spells.
Your spell library contained the following spells:

 Spells                   Type           Power      Damage    Failure   Level
 Foxfire                  Conj/Fire      0%         2x1d4     82%         1
 Magic Dart               Conj           0%         1d3       82%         1
 Slow                     Hex            0%         N/A       82%         1
 Call Imp                 Summ           0%         N/A       91%         2
 Ensorcelled Hibernation  Hex/Ice        0%         N/A       91%         2
 Passwall                 Tmut/Erth      0%         N/A       91%         2
 Confusing Touch          Hex            0%         N/A       99%         3
 Frozen Ramparts          Ice            0%         1d1       99%         3
 Mephitic Cloud           Conj/Pois/Air  0%         N/A       99%         3
 Vampiric Draining        Necr           0%         2d6       99%         3
 Ice Form                 Ice/Tmut       0%         N/A       100%        4
 Summon Ice Beast         Ice/Summ       0%         N/A       100%        4
 Irradiate                Conj/Tmut      0%         3d11      100%        5
 Summon Cactus Giant      Summ           0%         N/A       100%        6
 Borgnjor's Revivificati  Necr           0%         N/A       100%        8
 Necromutation            Tmut/Necr      0%         N/A       100%        8
 Summon Horrible Things   Summ           0%         N/A       100%        8
 Death's Door             Necr           0%         N/A       100%        9
 Swiftness                Air            Unusable   N/A       N/A         3

Dungeon Overview and Level Annotations

Branches:
Dungeon (5/15)
 Temple: D:4-7

Altars:
Hepliaklqana
Kikubaaqudgha
Uskayaw
Wu Jian

Shops:
D:3 [


Innate Abilities, Weirdness & Mutations

You cannot be hasted, slowed, berserked, paralysed or teleported.
You can dig through walls and to a lower floor.
You have a pair of large antennae on your head. (SInv)
Your four strong arms can wield two-handed weapons with a shield.


Message History

You slash the orc!
You kill the orc!
The Council accepts your kill.
A yak comes into view.
The yak bellows!
You hear a bellow!
A yak comes into view.
Items here: ))) [[[ †††††.
Items here: ))) [[[ †††††.
You block the yak's attack.
You slice the yak!!
The yak is heavily wounded.
The yak gores you.
You are too injured to fight recklessly!
You are too injured to fight recklessly!
You hit the yak.
The yak is severely wounded.
The yak closely misses you.
You closely miss the yak.
The yak is severely wounded.
You block the yak's attack.
You barely miss the yak.
The yak is severely wounded.
The yak gores you!
You hit the yak.
The yak is almost dead.
You block the yak's attack.
You slash the yak!
You kill the yak!
The Council accepts your kill.
You barely miss the yak. The yak barely misses you.
You barely miss the yak. The yak gores you.
You barely miss the yak. The yak barely misses you.
You slash the yak!
The yak is moderately wounded.
The yak gores you!
* * * LOW HITPOINT WARNING * * *
You slash the yak!
The yak is heavily wounded.
The yak gores you!
You die...

######### #.......#
#.......# #########.......#
#...##.##.......#
###########.#.###)#.......#
....Y..........Y@...>.....#
...............##.........#
........######.##.##.######
........# #....##.#
...[....# #######.#
.......[# #####.###
......... #.......#
......... #.......#
########. #.......#


You could see a yak.

Vanquished Creatures
  3 yaks (D:5)
  An ice beast (D:3)
  A bullfrog (D:4)
  A scorpion (D:4)
  5 hounds
  An iguana (D:5)
  An orc wizard (D:5)
  3 gnolls (D:5)
  5 adders
  2 shadow imps (D:4)
  3 white imps (D:4)
  4 ufetubi (D:4)
  3 worms
  3 dart slugs
  3 orcs
  9 ball pythons
  9 endoplasms
  7 giant cockroaches
  4 goblins
  12 hobgoblins
  3 quokkas
  3 bats
  4 frilled lizards
  9 kobolds
  2 rats
101 creatures vanquished.

Notes
Turn   | Place    | Note
-------+----------+-------------------------------------------
     0 | D:1      | Kenran the Formicid Fighter began the quest for the Orb.
     0 | D:1      | Reached XP level 1. HP: 18/18 MP: 1/1
    58 | D:1      | Reached XP level 2. HP: 24/24 MP: 2/2
   138 | D:1      | Reached skill level 3 in Long Blades
   266 | D:1      | Reached XP level 3. HP: 29/29 MP: 3/3
  1007 | D:2      | Got the Collected Works on Luminous Allies
  1033 | D:2      | Reached skill level 4 in Long Blades
  1033 | D:2      | Reached XP level 4. HP: 35/35 MP: 4/4
  1572 | D:3      | Found an ancient bone altar of Kikubaaqudgha.
  1700 | D:3      | Reached skill level 5 in Long Blades
  1700 | D:3      | Reached XP level 5. HP: 39/41 MP: 5/5
  1863 | D:3      | Identified the +1 leather armour of Heresy {Str+6}
  2131 | D:3      | Noticed an ice beast
  2143 | D:3      | Killed an ice beast
  2144 | D:3      | Reached skill level 6 in Long Blades
  2144 | D:3      | Reached XP level 6. HP: 39/47 MP: 6/6
  2173 | D:3      | Found Wenleh's Antique Armour Emporium.
  2604 | D:4      | Found a hazy altar of Hepliaklqana.
  2653 | D:4      | Found a hide-covered altar of Uskayaw.
  2744 | D:4      | Found an ornate altar of the Wu Jian Council.
  2750 | D:4      | Became a worshipper of the Wu Jian Council
  2769 | D:4      | Reached skill level 7 in Long Blades
  2769 | D:4      | Reached XP level 7. HP: 48/52 MP: 7/7
  3508 | D:5      | Entered Level 5 of the Dungeon
  3715 | D:5      | Noticed a yak
  3743 | D:5      | Reached skill level 8 in Long Blades
  3750 | D:5      | Killed a yak
  3751 | D:5      | Reached XP level 8. HP: 48/58 MP: 8/8
  3752 | D:5      | Noticed a yak
  3755 | D:5      | Killed a yak
  3756 | D:5      | Reached skill level 9 in Long Blades
  3765 | D:5      | Noticed a yak
  3765 | D:5      | Noticed a yak
  3775 | D:5      | Killed a yak
  3780 | D:5      | Slain by a yak

Illustrated notes

Levels and vault maps discovered:
D:1:      minmay_arrival_arboretum_small, layout_basic, minmay_door_square,
          ebering_dispersal_statue_hall, minmay_close_crescents
D:2:      layout_basic, minmay_indecisive_spiral
D:3:      minmay_general_purpose_star, layout_basic, marbit_many_paths,
          serial_shops, shop, hangedman_decor_growths, roderic_lattice_a,
          minmay_crystal_water
D:4:      layout_loops_corners, mainiacjoe_overflow_catch_the_wave,
          mainiacjoe_overflow_chevrons, serial_demonic, serial_demonic_d,
          serial_demonic_g, serial_demonic_b, serial_demonic_d,
          serial_demonic_g, serial_demonic_g, serial_demonic_d,
          serial_demonic_b, serial_demonic_c, serial_demonic_d
D:5:      layout_basic, minmay_fountain_box, uniq_grinder

Skill      XL: |  1  2  3  4  5  6  7  8 |
---------------+-------------------------+-----
Long Blades    | 3 4 5 6 7 8 9 |  9.7
Fighting       | |  3.2
Armour         | |  3.2
Shields        | |  4.0

Action                     |  1- 3 |  4- 6 |  7- 9 || total
---------------------------+-------+-------+-------++-------
  Melee: Long sword        |    90 |   124 |   120 ||   334
Ability: Lunge             |       |       |     4 ||     4
         Dig               |       |       |     1 ||     1
    Use: Scroll            |     2 |     4 |       ||     6
         Potion            |       |     1 |     2 ||     3
 Armour: Scale mail        |    31 |    45 |    59 ||   135
  Dodge: Dodged            |    41 |    59 |    67 ||   167
  Block: Buckler           |    21 |    33 |    30 ||    84
